 Dungeon Crawl Stone Soup version 0.31.0-32-g396128a36d (webtiles) character file.

Game seed: 14774936046072511156

84538 AdnanSaban the Bludgeoner (level 15, -1/99 HPs)
             Began as a Gargoyle Fighter on Apr 15, 2024.
             Was the Champion of Okawaru.
             Slain by an orc warrior
             ... wielding a +0 halberd
              (4 damage)
             ... on level 2 of the Orcish Mines.
             The game lasted 00:42:02 (24307 turns).

AdnanSaban the Bludgeoner (Gargoyle Fighter)       Turns: 24307, Time: 00:42:03

Health: -1/99      AC: 59    Str: 26    XL:     15   Next: 80%
Magic:  13/15      EV:  8    Int: 13    God:    Okawaru [******]
Gold:   2552       SH: 16    Dex:  9    Spells: 14/14 levels left

rFire   . . .        Z - +1 eveningstar (protect)
rCold   . . .        T - +2 kite shield
rNeg    + . .        v - +8 orange crystal plate armour {Archmagi, Int+3 Clar}
rPois   ∞            e - +2 helmet {SInv}
rElec   +            K - +0 cloak
rCorr   +            (no gloves)
SInv    +            C - +0 pair of boots
Will    ++...        b - amulet "Suafiul" {Rampage rF- Will+ Regen+ rCorr} Stlth
                     Y - ring of protection from cold
HPRegen 1.16/turn    M - ring of fire
MPRegen 0.14/turn

%: clarity, rampage, archmagi
@: heroic, under a protective aura, flying
A: sickness immunity, AC +11, big wings, negative energy resistance 1,
electricity resistance, torment resistance 1, petrification resistance
a: Renounce Religion, Heroism, Finesse, Duel


You were on level 2 of the Orcish Mines.
You worshipped Okawaru.
Okawaru was exalted by your worship.
You visited 4 branches of the dungeon, and saw 21 of its levels.
You also visited: Bailey.

You collected 2552 gold pieces.

Inventory:

Hand Weapons
 O - a +5 flail
 Z - a +1 eveningstar of protection (weapon)
Missiles
 i - 14 javelins
 x - a throwing net
 A - 39 poisoned darts (quivered)
 F - 34 boomerangs
 I - 3 datura-tipped darts
 R - 3 silver javelins
 X - an atropa-tipped dart
Armour
 e - a +2 helmet of see invisible (worn)
 v - the +8 orange crystal plate armour (worn) {Archmagi, Int+3 Clar}
   (Okawaru gifted it to you on level 4 of the Lair of Beasts)

   Int+3:     It affects your intelligence (+3).
   Clar:      It protects you from confusion, rage, mesmerisation and fear.
 C - a +0 pair of boots (worn)
 K - a +0 cloak (worn)
 T - a +2 kite shield (worn)
Jewellery
 b - the amulet "Suafiul" (around neck) {Rampage rF- Will+ Regen+ rCorr}
   (You found it on level 3 of the Lair of Beasts)

   [amulet of regeneration]

   rF-:       It makes you vulnerable to fire.
   Will+:     It increases your willpower.
   Regen+:    It increases your rate of health regeneration.
   rCorr:     It protects you from acid and corrosion.
   Rampage:   It bestows one free step when moving towards enemies.
 l - a ring of willpower
 L - a ring of protection from cold
 M - a ring of fire (right hand)
 P - a ring of positive energy
 Y - a ring of protection from cold (left hand)
Wands
 d - a wand of flame (8)
 J - a wand of polymorph (11)
 N - a wand of roots (12)
 Q - a wand of quicksilver (7)
Scrolls
 g - 16 scrolls of identify
 h - 5 scrolls of vulnerability {unknown}
 j - 2 scrolls of enchant weapon {unknown}
 n - 6 scrolls of noise {unknown}
 p - 6 scrolls of immolation {unknown}
 s - 8 scrolls of teleportation
 t - 2 scrolls of revelation {unknown}
 w - 2 scrolls of fog {unknown}
 y - 5 scrolls of fear {unknown}
 z - 4 scrolls of poison {unknown}
 B - 3 scrolls of amnesia {unknown}
 E - 2 scrolls of torment {unknown}
 G - 4 scrolls of enchant armour {unknown}
 H - 4 scrolls of blinking
Potions
 a - 6 potions of heal wounds {unknown}
 c - 2 potions of might
 f - 2 potions of resistance {unknown}
 k - 8 potions of curing
 m - 4 potions of haste {unknown}
 o - 3 potions of mutation {unknown}
 q - 3 potions of degeneration {unknown}
 r - a potion of invisibility {unknown}
 u - 3 potions of brilliance {unknown}
 D - 3 potions of lignification {unknown}
 S - a potion of ambrosia {unknown}
 V - 2 potions of attraction {unknown}
 W - 3 potions of berserk rage {unknown}


   Skills:
 + Level 13.4(18.4) Fighting
 + Level 16.8(21.8) Maces & Flails
 + Level 3.6(8.6) Throwing
 + Level 13.3(18.3) Armour
 + Level 4.8(9.8) Dodging
 + Level 2.3(7.3) Stealth
 + Level 14.4(19.4) Shields
 + Level 1.0 Invocations


You had 14 spell levels left.
You didn't know any spells.
Your spell library contained the following spells:

 Spells                   Type           Power      Damage    Failure   Level
 Foxfire                  Conj/Fire      0%         2x1d4     99%         1
 Kiss of Death            Conj/Necr      0%         2d5       99%         1
 Magic Dart               Conj           0%         1d3       99%         1
 Slow                     Hex            0%         N/A       99%         1
 Blink                    Tloc           0%         N/A       100%        2
 Confusing Touch          Hex            0%         N/A       100%        3
 Sigil of Binding         Hex            0%         N/A       100%        3
 Vampiric Draining        Necr           0%         2d6       100%        3
 Volatile Blastmotes      Fire/Tloc      0%         2d10      100%        3
 Brom's Barrelling Bould  Conj/Erth      0%         2d3       100%        4
 Dispel Undead            Necr           0%         3d6       100%        4
 Fulminant Prism          Conj/Alch      0%         3d5       100%        4
 Iskenderun's Mystic Bla  Conj/Tloc      0%         2d3       100%        4
 Olgreb's Toxic Radiance  Alch           0%         N/A       100%        4
 Passage of Golubria      Tloc           0%         N/A       100%        4
 Fireball                 Conj/Fire      0%         3d3       100%        5
 Iskenderun's Battlesphe  Conj           0%         2d6       100%        5
 Silence                  Hex/Air        0%         N/A       100%        5
 Conjure Ball Lightning   Conj/Air       0%         3x3d6     100%        6
 Plasma Beam              Fire/Air       0%         2x1d10    100%        6
 Starburst                Conj/Fire      0%         6d3       100%        6
 Orb of Destruction       Conj           0%         9d5       100%        7
 Ozocubu's Refrigeration  Ice            0%         4d7       100%        7
 Discord                  Hex            0%         N/A       100%        8
 Lehudib's Crystal Spear  Conj/Erth      0%         10d2      100%        8
 Call Imp                 Summ           Unusable   N/A       N/A         2

Dungeon Overview and Level Annotations

Branches:
Dungeon (13/15)            Temple (1/1) D:4            Lair (5/5) D:8
 Shoals (0/4) Lair:2        Snake (0/4) Lair:2        Slime (0/5) Lair:4
    Orc (2/2) D:12         Bailey (visited)
    Elf: Orc:2       Vaults: D:13-14

Altars:
Ashenzari
Cheibriados
Dithmenos
Elyvilon
Fedhas
Gozag
Hepliaklqana
Kikubaaqudgha
Makhleb
Nemelex Xobeh
Okawaru
Qazlal
Ru
Sif Muna
Trog
Uskayaw
Vehumet
Wu Jian
Xom
Yredelemnul
Zin
The Shining One

Shops:
D:4 :(   D:8 (   D:11 ?   Orc:1 =

Portals:
Hell: Lair:5

Annotations:
D:8 2 transporters, Henri's ghost, novice TrGl
D:12 Snorg


Innate Abilities, Weirdness & Mutations

You are immune to sickness and miasma.
Your stone body is resilient. (AC +11)
You are immune to poison.
Your large and strong wings let you fly.
You resist negative energy. (rN+)
You are resistant to electric shocks. (rElec)
You are resistant to unholy torment.
You are immune to petrification.


Message History

* * * LOW HITPOINT WARNING * * *
The orc warrior barely misses you. x2
The orc priest mumbles some strange prayers to Beogh against you.
Beogh smites you!
* * * LOW HITPOINT WARNING * * *
An orc warrior comes into view. It is wielding a +0 long sword.
The orc warrior hits you from afar with a +0 halberd.
* * * LOW HITPOINT WARNING * * *
The orc warrior hits you but does no damage.
It was a potion of curing.
You feel better.
The orc high priest calls down the wrath of Beogh upon you.
Beogh smites you!
* * * LOW HITPOINT WARNING * * *
You block the orc priest's attack. The orc high priest closely misses you.
The orc warrior hits you but does no damage.
You block the orc's attack. The orc warrior barely misses you.
You block the orc warrior's attack.
The orc warrior hits you but does no damage. x2
The orc warrior closely misses you.
You puncture the orc high priest!
Your weapon exudes an aura of protection.
The orc high priest is moderately wounded.
You block the orc priest's attack. You block the orc warrior's attack.
The orc closely misses you. You block the orc high priest's attack.
The orc warrior hits you but does no damage. x5
You barely miss the orc high priest.
The orc high priest is moderately wounded.
The ynoxinul gestures.
You block the orc priest's attack.
The orc warrior hits you but does no damage.
The orc priest casts a cantrip, but nothing happens.
You block the orc's attack. You block the orc warrior's attack.
The orc warrior hits you but does no damage.
The orc high priest hits you but does no damage.
The orc priest casts a cantrip, but nothing happens.
The orc warrior hits you but does no damage.
The orc warrior barely misses you.
The orc high priest prays to Beogh.
The orc warrior hits you from afar with a +0 halberd.
You die...

#... #...# .^.# #..
......3...#
#....#oo4#5...#
#4...ooo....#
#4.o#ooo#o..#
#.o4oooo..# #.4#oo)#..#
#o4o@o..# ###o#o###
#.....# ###.#.###
##.......# #..#...#..#
...... ##.........#
.....### #...#...#...#
.......####...........#


You could see 4 orc high priests, an orange demon (summoned), a hellwing
(summoned), 2 ice devils, a rust devil (summoned), a ynoxinul (summoned), a red
devil (summoned), 11 orc warriors, 4 orc priests, an ufetubus (summoned) and 3
orcs.

Vanquished Creatures
  An orc warlord (Orc:1)
  Nessos (Lair:3)
  7 hydras
  5 boulder beetles
  Erica (Lair:2)
  2 catoblepae
  2 centaur warriors (D:13)
  4 two-headed ogres
  2 tengu warriors (D:13)
  5 death yaks (Lair:3)
  Urug (Lair:4)
  2 orc high priests
  Nergalle (D:9)
  A sixfirhy (Lair:5)
  5 skeletal warriors (D:13)
  A skyshark (Lair:4)
  Pikel (D:7)
  An arcanist (Lair:5)
  2 deep elf pyromancers
  4 orc knights
  3 lindwurms
  3 orc sorcerers
  3 wolf spiders (Lair:3)
  A cyclops (D:12)
  13 elephants
  A salamander (Lair:2)
  A merfolk siren (Lair:2)
  A smoke demon (Lair:5)
  2 kobold blastminers (Orc:2)
  An orange demon (Lair:5)
  7 black mambas
  An unseen horror (D:12)
  24 cane toads
  Jeremiah (D:7)
  4 rime drakes
  6 komodo dragons
  Psyche (D:10)
  2 ice devils (Lair:5)
  7 trolls
  2 red devils (Lair:5)
  2 polar bears
  Prince Ribbit (D:6)
  11 blink frogs
  A slime creature (D:12)
  13 dream sheep (Lair:5)
  A shadow (D:9)
  2 jumping spiders (Lair:3)
  4 vampires
  A wraith (D:12)
  69 yaks
  3 wyverns
  2 steam dragons
  4 wargs
  3 vampire mosquitoes (D:11)
  3 basilisks
  Menkaure (D:5)
  3 nagas (Lair:2)
  Duvessa (D:6)
  18 water moccasins
  4 hell hounds (Lair:5)
  31 orc warriors
  An acid dragon (D:11)
  3 sky beasts
  3 ice beasts
  3 black bears
  5 ogres
  7 centaurs
  15 wolves
  A lemure (D:7)
  A phantom (D:4)
  5 kobold brigands
  Blork the orc (D:5)
  2 gnoll sergeants
  5 scorpions
  4 bullfrogs
  19 wights
  Dowan (D:6)
  19 killer bees
  9 howler monkeys
  4 electric eels (D:8)
  3 lava snakes (Lair:3)
  Crazy Yiuf (D:7)
  4 hounds
  4 jellies
  A gnoll bouda (D:7)
  23 orc priests
  3 iguanas
  Terence (D:2)
  6 orc wizards
  9 hell rats
  7 adders
  16 gnolls
  11 river rats (Lair:4)
  A shadow imp (D:7)
  4 white imps
  2 ufetubi (D:7)
  5 dart slugs
  3 ribbon worms
  72 orcs
  7 ball pythons
  7 bats
  8 endoplasms
  2 giant cockroaches (D:4)
  12 goblins
  9 hobgoblins
  3 jackals (D:2)
  44 kobolds
  3 quokkas
  3 training dummies (D:4)
  3 frilled lizards
  9 rats
705 creatures vanquished.

Vanquished Creatures (others)
  An orc wizard (D:13)
  A kobold (D:10)
2 creatures vanquished.

Grand Total: 707 creatures vanquished

Notes
Turn   | Place    | Note
-------+----------+-------------------------------------------
     0 | D:1      | AdnanSaban the Gargoyle Fighter began the quest for the
                  | Orb.
     0 | D:1      | Reached XP level 1. HP: 14/14 MP: 1/1
   230 | D:1      | Reached XP level 2. HP: 10/19 MP: 2/2
   414 | D:1      | Found a faded altar of an unknown god.
   740 | D:1      | Reached XP level 3. HP: 23/23 MP: 3/3
   891 | D:2      | Found a white marble altar of Elyvilon.
   919 | D:2      | Noticed Terence
   931 | D:2      | Reached XP level 4. HP: 29/29 MP: 4/4
   937 | D:2      | Killed Terence
   938 | D:2      | Reached skill level 3 in Maces & Flails
   972 | D:2      | Reached skill level 1 in Dodging
  1094 | D:2      | Reached XP level 5. HP: 33/33 MP: 5/5
  1767 | D:3      | Found an ancient bone altar of Kikubaaqudgha.
  1987 | D:3      | Found a snail-covered altar of Cheibriados.
  1988 | D:3      | Found a bloodstained altar of Trog.
  1990 | D:3      | Found a sparkling altar of Nemelex Xobeh.
  1990 | D:3      | Found a stormy altar of Qazlal.
  2298 | D:4      | Noticed a sky beast
  2552 | D:4      | Killed a sky beast
  2553 | D:4      | Reached skill level 4 in Maces & Flails
  2553 | D:4      | Reached XP level 6. HP: 35/38 MP: 6/6
  2578 | D:4      | Found Jyuciala's Firing Range.
  2737 | D:4      | Reached skill level 5 in Maces & Flails
  2826 | D:4      | Reached XP level 7. HP: 38/43 MP: 7/7
  2984 | D:4      | Found a broken altar of Ashenzari.
  3004 | D:4      | Found Tirecva's Book Boutique.
  3124 | D:4      | Found a staircase to the Ecumenical Temple.
  3180 | D:5      | Entered Level 5 of the Dungeon
  3202 | D:5      | Noticed Menkaure
  3209 | D:5      | Killed Menkaure
  3255 | D:5      | Reached skill level 6 in Maces & Flails
  3255 | D:5      | Reached XP level 8. HP: 20/48 MP: 8/8
  3414 | D:5      | Reached skill level 5 in Shields
  3464 | Temple   | Entered the Ecumenical Temple
  3623 | D:5      | Noticed Blork the orc
  3644 | D:5      | Killed Blork the orc
  3645 | D:5      | Reached skill level 5 in Armour
  4116 | D:6      | Reached skill level 5 in Fighting
  4229 | D:6      | Noticed Duvessa
  4229 | D:6      | Noticed Dowan
  4294 | D:6      | Killed Duvessa
  4295 | D:6      | Reached skill level 7 in Maces & Flails
  4450 | D:6      | Killed Dowan
  4822 | D:6      | Reached XP level 9. HP: 41/54 MP: 9/9
  4939 | D:6      | Noticed Prince Ribbit
  4951 | D:6      | Identified the +4 rapier "Uxippedd" {heavy, Int+6 Dex+6}
  4955 | D:6      | Killed Prince Ribbit
  5338 | D:7      | Noticed Jeremiah
  5357 | D:6      | Reached skill level 8 in Maces & Flails
  5493 | D:7      | Identified the +3 robe of Syndicalism {rF+ SInv Stlth-}
  5554 | D:7      | Found an iron altar of Okawaru.
  5556 | D:7      | Found an opulent altar of Gozag.
  5562 | D:7      | Became a worshipper of Warmaster Okawaru
  5596 | D:7      | Reached skill level 1 in Throwing
  5631 | D:7      | Killed Jeremiah
  5807 | D:7      | Identified the +0 hammer of Iruadghyt {venom, rN++}
  5814 | D:7      | Found a runed translucent door.
  5815 | D:7      | Noticed Crazy Yiuf
  5904 | D:7      | Reached * piety under Okawaru
  6099 | D:7      | Noticed Pikel
  6117 | D:7      | Killed Pikel
  6118 | D:7      | Reached skill level 9 in Maces & Flails
  6118 | D:7      | Reached skill level 1 in Stealth
  6118 | D:7      | Reached XP level 10. HP: 52/61 MP: 8/10
  6222 | D:7      | Found a glowing silver altar of Zin.
  6466 | D:7      | Killed Crazy Yiuf
  6800 | D:7      | Reached ** piety under Okawaru
  6999 | D:8      | Noticed Henri's ghost (novice TrGl)
  7020 | D:8      | Found a staircase to the Lair.
  7101 | D:8      | Noticed a manticore
  7276 | D:8      | Found a transporter.
  7286 | D:8      | Found a transporter.
  7293 | D:8      | Found Ucua's Antique Weapon Shop.
  7573 | D:8      | Found a glowing golden altar of the Shining One.
  7671 | D:9      | Noticed a boulder beetle
  7990 | D:9      | Reached skill level 10 in Maces & Flails
  8022 | D:9      | Found a flagged portal.
  8048 | D:9      | Reached *** piety under Okawaru
  8077 | Bailey   | Entered a bailey
  8185 | Bailey   | Noticed an orc knight
  8355 | Bailey   | Reached XP level 11. HP: 45/67 MP: 8/11
  8470 | Bailey   | Killed an orc knight
  8551 | Bailey   | Identified the +2 leather armour of Hepliaklqana {Int+6}
  8903 | D:9      | Reached **** piety under Okawaru
  8931 | D:9      | Reached skill level 11 in Maces & Flails
  9125 | D:9      | Killed a boulder beetle
  9687 | D:9      | Found a radiant altar of Vehumet.
  9734 | D:10     | Entered Level 10 of the Dungeon
  9812 | D:10     | Noticed Nergalle
  9842 | D:9      | Killed Nergalle
  9842 | D:9      | Reached ***** piety under Okawaru
 10297 | D:10     | Noticed Psyche
 10321 | D:10     | Killed Psyche
 10360 | D:10     | Found a hazy altar of Hepliaklqana.
 11168 | D:11     | Found Duub's Magic Scroll Boutique.
 11180 | D:11     | Noticed a two-headed ogre
 11194 | D:11     | Killed a two-headed ogre
 11195 | D:11     | Reached XP level 12. HP: 60/76 MP: 8/12
 11201 | D:11     | Received a gift from Okawaru
 11202 | D:11     | Reached skill level 12 in Maces & Flails
 11358 | D:11     | Noticed a boulder beetle
 11382 | D:11     | Killed a boulder beetle
 11656 | D:11     | Reached skill level 10 in Armour
 12634 | D:12     | Received a gift from Okawaru
 12775 | D:12     | Noticed Snorg
 12889 | Lair:1   | Entered Level 1 of the Lair of Beasts
 14082 | Lair:2   | Reached skill level 13 in Maces & Flails
 14242 | Lair:2   | Reached skill level 10 in Fighting
 14501 | Lair:2   | Noticed a catoblepas
 14521 | Lair:2   | Killed a catoblepas
 14521 | Lair:2   | Reached ****** piety under Okawaru
 14696 | Lair:2   | Noticed Erica
 14699 | Lair:3   | Noticed a seven-headed hydra
 14707 | Lair:2   | Killed Erica
 14713 | Lair:2   | Received a gift from Okawaru
 14728 | Lair:2   | Acquired a +1 eveningstar of protection
 14728 | Lair:2   | Received a gift from Okawaru
 14780 | Lair:2   | Reached XP level 13. HP: 83/83 MP: 13/13
 15116 | Lair:2   | Found a staircase to the Snake Pit.
 15337 | Lair:2   | Found a staircase to the Shoals.
 15866 | Lair:3   | Reached skill level 14 in Maces & Flails
 16009 | Lair:3   | Found a runed translucent door.
 16295 | Lair:3   | Noticed Nessos
 16315 | Lair:3   | Killed Nessos
 16315 | Lair:3   | Received a gift from Okawaru
 17018 | Lair:4   | Noticed Urug
 17027 | Lair:3   | Reached skill level 10 in Shields
 17256 | Lair:3   | Received a gift from Okawaru
 17425 | Lair:4   | Killed Urug
 17923 | Lair:4   | Reached skill level 15 in Maces & Flails
 18251 | Lair:4   | Gained mutation: Your large and strong wings let you fly.
                  | [Gargoyle growth]
 18251 | Lair:4   | Reached XP level 14. HP: 90/90 MP: 12/14
 18295 | Lair:4   | Received a gift from Okawaru
 18800 | Lair:4   | Found a staircase to the Slime Pits.
 19240 | Lair:3   | Found a runed translucent gate.
 19240 | Lair:3   | Found a runed translucent gate.
 19240 | Lair:3   | Found a runed translucent gate.
 19240 | Lair:3   | Found a runed translucent gate.
 19240 | Lair:3   | Found a runed translucent gate.
 19240 | Lair:3   | Found a runed translucent gate.
 19498 | Lair:3   | Identified the amulet "Suafiul" {Rampage rF- Will+ Regen+
                  | rCorr}
 19598 | Lair:5   | Entered Level 5 of the Lair of Beasts
 19645 | Lair:4   | Received a gift from Okawaru
 19761 | Lair:4   | Acquired the +8 orange crystal plate armour {Archmagi,
                  | Int+3 Clar}
 19761 | Lair:4   | Received a gift from Okawaru
 19761 | Lair:4   | Found the +8 orange crystal plate armour {Archmagi, Int+3
                  | Clar}
 20323 | Lair:5   | Received a gift from Okawaru
 20358 | Lair:4   | Reached skill level 16 in Maces & Flails
 20622 | Lair:5   | Received a gift from Okawaru
 20705 | Lair:5   | Reached XP level 15. HP: 85/97 MP: 15/15
 21040 | Lair:5   | Found a burning altar of Makhleb.
 21178 | Lair:5   | Found a gateway to Hell.
 21783 | D:12     | Reached skill level 1 in Invocations
 21895 | D:12     | Found a staircase to the Orcish Mines.
 21932 | D:12     | Received a gift from Okawaru
 23011 | Orc:1    | Entered Level 1 of the Orcish Mines
 23220 | Orc:2    | Entered Level 2 of the Orcish Mines
 23409 | Orc:2    | Noticed an orc warlord
 23441 | Orc:2    | Received a gift from Okawaru
 23473 | Orc:1    | Killed an orc warlord
 23876 | Orc:1    | Found Siar's Jewellery Emporium.
 23935 | Orc:1    | You are sucked into a shaft and drop 1 floor!
 24200 | Orc:2    | Received a gift from Okawaru
 24305 | Orc:2    | HP: 1/99 [orc high priest/divine providence (13)]
 24307 | Orc:2    | Slain by an orc warrior

Illustrated notes

Levels and vault maps discovered:
D:1:      eino_arrival_cavern_a, layout_loops_cross,
          shapermc_ecumenical_altar_mp_highgroup, minmay_gold_behind_fungi
D:2:      layout_rooms, basic_altar, uniq_terence
D:3:      layout_loops_ring, lemuel_doored_altar, mainiacjoe_overflow_alcove_3
D:4:      kennysheep_six_static_rooms, layout_rooms,
          cheibrodos_ashenzari_chains, minmay_temple_entry_from_below_b,
          serial_shops, nicolae_diamond_shop, kennysheep_minor_cross,
          nicolae_shop_firing_range
D:5:      nicolae_cairo_tiling_very_big, layout_loops_ring, uniq_menkaure,
          uniq_blork_the_orc
D:6:      layout_basic, uniq_duvessa, uniq_prince_ribbit1
D:7:      layout_cave_pools, chequers_temple_overflow_statue_of_worship,
          zin_treasury, dreamdust_wishing_well, minivault_24, uniq_jeremiah,
          uniq_pikel, uniq_crazy_yiuf_cottage
D:8:      layout_rooms, kennysheep_mini_moat, david_lair_generic,
          nzn_ghost_randoct, serial_shops, shop, serial_bayou_lake_a
D:9:      layout_basic, mainiacjoe_overflow_alcove_4, enter_bailey_5
D:10:     layout_roguey, amcnicky_altar_gilded, uniq_psyche, uniq_nergalle
D:11:     layout_basic, serial_shops, shop
D:12:     layout_stronghold, david_orc_1_choice, dreamdust_princess_bridge,
          kennysheep_small_square, uniq_snorg
D:13:     layout_long_grid, eino_curves_03
Temple:   nicolae_temple_ecumenical_triangle
Lair:1:   layout_small_grid
Lair:2:   layout_cave_pods, minmay_shoals_entry_lonely_mermaid,
          alex1729_snake_entry_snake, uniq_erica
Lair:3:   gammafunk_indiana_jones, layout_chaotic_city, lemuel_fruit_fields,
          uniq_nessos
Lair:4:   layout_cave_pods, dpeg_slime_entry_enclosed, kennysheep_rathole,
          grunt_megastairs_2, uniq_urug
Lair:5:   evil_forest, layout_gridlike, nicolae_lair_grazing_beasts
          [nicolae_sub_lair_graze_edge, nicolae_sub_lair_graze_edge,
          nicolae_sub_lair_graze_edge, nicolae_sub_lair_graze_edge],
          infiniplex_staircase_pool
Orc:1:    layout_caves, serial_shops, shop
Orc:2:    st_orc_pillars, layout_diamond_mine

Skill      XL: |  1  2  3  4  5  6  7  8  9 10 11 12 13 14 15 |
---------------+----------------------------------------------+-----
Armour         | 4 5 7 9 11 12 13 | 13.3
Maces & Flails | 3 4 5 6 7 9 10 11 13 15 16 | 16.8
Dodging        | 1 2 3 4 |  4.8
Shields        | 4 5 6 7 8 9 10 12 14 | 14.4
Fighting       | 4 5 6 7 9 10 11 12 13 | 13.4
Throwing       | 2 3 |  3.6
Stealth        | 1 2 |  2.3
Invocations    | 1 |  1.0

Action                     |  1- 3 |  4- 6 |  7- 9 | 10-12 | 13-15 || total
---------------------------+-------+-------+-------+-------+-------++-------
  Melee: Flail             |   117 |   163 |       |   832 |       ||  1112
         Whip              |       |    87 |   403 |   274 |       ||   764
         Unarmed           |       |       |       |    12 |       ||    12
         Eveningstar       |       |       |       |     2 |  1630 ||  1632
  Throw: Dart              |       |       |    14 |    30 |    29 ||    73
         Javelin           |       |       |     4 |       |       ||     4
         Throwing net      |       |       |     1 |       |       ||     1
 Invoke: Heroism           |       |       |       |     3 |     6 ||     9
         Receive Weapon    |       |       |       |     1 |       ||     1
         Receive Armour    |       |       |       |       |     1 ||     1
         Finesse           |       |       |       |       |     1 ||     1
    Use: Potion            |       |       |       |     1 |     1 ||     2
   Stab: Petrified         |       |       |       |       |    12 ||    12
 Armour: Scale mail        |   118 |   182 |    41 |       |       ||   341
         Chain mail        |       |       |   196 |   396 |       ||   592
         Plate armour      |       |       |       |   559 |   623 ||  1182
         Skin              |       |       |       |    10 |       ||    10
         Crystal plate arm |       |       |       |       |  1046 ||  1046
  Dodge: Dodged            |    58 |   119 |   149 |   388 |   452 ||  1166
  Block: Buckler           |    39 |    59 |    74 |   239 |       ||   411
         Kite shield       |       |       |       |   100 |  1369 ||  1469
